 Dungeon Crawl Stone Soup version 0.23-a0-41-g8b50da7 (webtiles) character file.

46 rgaf the Skirmisher (level 3, -2/29 HPs)
             Began as a Formicid Abyssal Knight on Aug 5, 2018.
             Was a Follower of Lugonu.
             Slain by a worm (8 damage)
             ... on level 2 of the Dungeon.
             The game lasted 00:01:05 (1325 turns).

rgaf the Skirmisher (Formicid Abyssal Knight)       Turns: 1325, Time: 00:01:07

Health: -2/29      AC:  4    Str: 17    XL:     3   Next: 95%
Magic:  5/5        EV: 10    Int: 11    God:    Lugonu [*.....]
Gold:   49         SH:  3    Dex: 10    Spells: 2/2 levels left

rFire    . . .     SeeInvis +   a - +1 hand axe
rCold    . . .     Gourm    .   j - +0 buckler
rNeg     . . .     Faith    .   i - -1 ring mail (curse)
rPois    .         Spirit   .   (helmet unavailable)
rElec    .         Reflect  .   (no cloak)
rCorr    .         Harm     .   (no gloves)
MR       .....                  (no boots)
Stlth    ..........             (no amulet)
HPRegen  0.09/turn              (no ring)
MPRegen  0.09/turn              (no ring)

@: no status effects
A: permanent stasis, dig shafts and tunnels, four strong arms, antennae 3
a: Dig, Shaft Self, Depart the Abyss, Renounce Religion


You were on level 2 of the Dungeon.
You worshipped Lugonu.
Lugonu was aware of your devotion.
You were not hungry.

You visited 1 branch of the dungeon, and saw 2 of its levels.
You visited the Abyss 1 time.

You collected 49 gold pieces.

Inventory:

Hand Weapons
 a - a +1 hand axe (weapon)
Missiles
 h - 8 arrows
 l - 15 bolts
Armour
 b - a +0 leather armour
 i - a cursed -1 ring mail (worn)
 j - a +0 buckler (worn)
Scrolls
 e - a scroll of remove curse {unknown}
 g - a scroll of magic mapping {unknown}
 k - a scroll of identify {unknown}
Potions
 d - 2 potions of brilliance {unknown}
Comestibles
 c - 5 rations
 f - 4 chunks of flesh


   Skills:
 - Level 3.2 Fighting
 * Level 3.0 Axes
 + Level 2.8 Armour
 - Level 0.8 Dodging
 + Level 1.1 Shields
 + Level 2.8 Invocations


You had 2 spell levels left.
You didn't know any spells.
Your spell library was empty.

Dungeon Overview and Level Annotations

Branches:
Dungeon (2/15)

Altars:


Innate Abilities, Weirdness & Mutations

You cannot be hasted, slowed, berserked, paralysed or teleported.
You can dig through walls and to a lower floor.
Your four strong arms can wield two-handed weapons with a shield.
You have a pair of large antennae on your head. (SInv)


Message History

You block the worm's attack.
You are too injured to fight recklessly!
You hit the worm.
The worm is heavily wounded.
You hit the worm.
The worm is severely wounded.
The worm bites you but does no damage.
You hit the worm.
The worm is severely wounded.
The worm bites you.
* * * LOW HITPOINT WARNING * * *
You hit the worm but do no damage.
The worm is severely wounded.
You hit the worm.
The worm is almost dead.
The worm closely misses you.
You barely miss the worm.
The worm is almost dead.
The worm bites you!
You die...

#.....# #.....#
#.....# ####..#
##.# #.## #..#
###.####..
#.@w.......
#††........
............
.[............
....$..........$
...............?
.####.........#.
#.........#


You could see a worm.

Vanquished Creatures
  A gnoll (D:1)
  2 oozes
  A worm (D:2)
  A leopard gecko (D:1)
  A giant cockroach (D:2)
  3 goblins
  3 hobgoblins (D:1)
  3 bats
  4 frilled lizards
  3 kobolds (D:1)
  4 rats
26 creatures vanquished.

Notes
Turn   | Place    | Note
-------+----------+-------------------------------------------
     0 | Abyss:1  | rgaf the Formicid Abyssal Knight began the quest for the Orb.
     0 | Abyss:1  | Reached XP level 1. HP: 18/18 MP: 2/2
    56 | Abyss:1  | Noticed a bone dragon
    58 | Abyss:1  | Noticed a tormentor
    77 | D:1      | Escaped the Abyss
   218 | D:1      | Reached XP level 2. HP: 18/24 MP: 3/3
   364 | D:1      | Reached * piety under Lugonu
   464 | D:1      | Reached XP level 3. HP: 15/29 MP: 3/5
  1280 | D:2      | Reached skill level 1 in Shields
  1325 | D:2      | Slain by a worm

Vault maps used:
D:1:      minmay_arrival_glassed_features, minmay_misc_feat_diagonals,
          roderic_lattice_a
D:2:      grunt_temple_overflow_open, first_ration

Skill      XL: |  1  2  3 |
---------------+----------+-----
Shields        | 1 |  1.1
Axes           | 3 |  3.0
Fighting       | |  3.2
Armour         | |  2.8
Dodging        | |  0.8
Invocations    | |  2.8

Action                   || total
-------------------------++-------
Melee: Hand axe          ||    77
Invok: Depart the Abyss  ||     1
  Eat: Chunk             ||     1
Armor: Leather armour    ||     9
       Ring mail         ||    19
Dodge: Dodged            ||    39
Block: Buckler           ||     9

Table legend:
 A = Spawn XP
 B = Non-spawn XP
 C = Spawn XP percentage of total XP
 D = Spawn monster count
 E = Non-spawn monster count
 F = Spawn count percentage of total count
 G = Total turns spent on level
                    A         B        C        D         E        F      G
               +---------+---------+-------+---------+---------+-------+---------
         Total |       0 |      67 |   0.0 |       0 |      26 |   0.0 |  1325
               +---------+---------+-------+---------+---------+-------+---------
           D:1 |       0 |      47 |   0.0 |       0 |      19 |   0.0 |  1090
           D:2 |       0 |      20 |   0.0 |       0 |       7 |   0.0 |   158
               +---------+---------+-------+---------+---------+-------+---------
